 Dungeon Crawl Stone Soup version 0.22-a0-348-gd16d139 (webtiles) character file.

1269 anet the Magician (level 8, -3/58 HPs)
             Began as a Gnoll Wizard on Apr 8, 2018.
             Slain by a sky beast (6 damage)
             ... on level 5 of the Dungeon on Apr 9, 2018.
             The game lasted 00:14:12 (6836 turns).

anet the Magician (Gnoll Wizard)                    Turns: 6836, Time: 00:14:13

Health: -3/58      AC:  2    Str: 13    XL:     8   Next: 53%
Magic:  13/19      EV: 15    Int: 20    God:
Gold:   172        SH:  0    Dex: 13    Spells: 10/22 levels left

rFire    . . .     SeeInvis .   a - +0 trident
rCold    . . .     Gourm    .   (no shield)
rNeg     . . .     Faith    .   x - +0 robe
rPois    .         Spirit   .   A - +0 hat
rElec    .         Reflect  .   q - scarf {cloud immunity}
rCorr    .         Harm     .   (no gloves)
MR       .....                  (no boots)
Stlth    +++.......             (no amulet)
HPRegen  0.19/turn              (no ring)
MPRegen  0.16/turn              (no ring)

@: no status effects
A: distributed training, fangs 1, strong nose
a: no special abilities


You were on level 5 of the Dungeon.
You were not hungry.

You visited 1 branch of the dungeon, and saw 5 of its levels.

You collected 172 gold pieces.

Inventory:

Hand Weapons
 a - a +0 trident (weapon)
 b - a +0 shortbow
Missiles
 g - 173 stones (quivered)
 o - 31 sling bullets
 B - 36 arrows
Armour
 m - a +0 ring mail
 n - a +0 leather armour
 q - a scarf of cloud immunity (worn)
 r - a +0 chain mail
 w - a +0 scale mail
 x - a +0 robe (worn)
 A - a +0 hat (worn)
Jewellery
 y - an uncursed amulet of the acrobat {unknown}
 C - a +2 ring of strength {unknown}
Wands
 u - a wand of polymorph (12)
Scrolls
 c - 2 scrolls of immolation {unknown}
 e - 5 scrolls of remove curse {unknown}
 h - 4 scrolls of enchant weapon {unknown}
 i - 2 scrolls of magic mapping {unknown}
 k - 7 scrolls of identify {unknown}
 p - a scroll of enchant armour {unknown}
 D - a scroll of random uselessness {unknown}
Potions
 f - a potion of mutation {unknown}
 j - 2 potions of ambrosia {unknown}
 l - 2 potions of curing {unknown}
 s - 2 potions of brilliance {unknown}
 t - 3 potions of heal wounds {unknown}
 v - a potion of agility {unknown}
Comestibles
 d - 7 rations
 z - 6 chunks of flesh


   Skills:
 + Level 3.3 Fighting
 + Level 3.3 Short Blades
 + Level 3.3 Long Blades
 + Level 3.3 Axes
 + Level 3.3 Maces & Flails
 + Level 3.3 Polearms
 + Level 3.3 Staves
 + Level 3.3 Slings
 + Level 3.3 Bows
 + Level 3.3 Crossbows
 + Level 3.3 Throwing
 + Level 3.3 Armour
 + Level 5.7 Dodging
 + Level 5.4 Stealth
 + Level 3.3 Shields
 + Level 3.3 Unarmed Combat
 + Level 7.9 Spellcasting
 + Level 3.5 Conjurations
 + Level 2.6 Hexes
 + Level 2.6 Charms
 + Level 3.5 Summonings
 + Level 2.6 Necromancy
 + Level 3.5 Translocations
 + Level 2.6 Transmutations
 + Level 2.6 Fire Magic
 + Level 2.6 Ice Magic
 + Level 2.6 Air Magic
 + Level 2.6 Earth Magic
 + Level 2.6 Poison Magic
 + Level 3.6 Invocations
 + Level 3.3 Evocations


You had 10 spell levels left.
You knew the following spells:

 Your Spells              Type           Power        Failure   Level  Hunger
a - Magic Dart            Conj           ###.         1%          1    None
b - Blink                 Tloc           N/A          3%          2    None
c - Conjure Flame         Conj/Fire      ###.....     7%          3    None
d - Mephitic Cloud        Conj/Pois/Air  ###.....     8%          3    None
e - Slow                  Hex            ###.....     4%          2    None
f - Confusing Touch       Hex            ###...       2%          1    None


Dungeon Overview and Level Annotations

Branches:
Dungeon (5/15)
 Temple: D:4-7

Altars:
Makhleb
Nemelex Xobeh
Wu Jian
Yredelemnul


Innate Abilities, Weirdness & Mutations

Your experience applies equally to all skills.
You have very sharp teeth.
Your uncanny sense of smell can sniff out nearby items.


Message History

Aiming: Magic Dart (safe; 1% risk of failure)
Press: ? - help, Shift-Dir - straight line, f - you The magic dart hits something.
Something hits you.
* * * LOW HITPOINT WARNING * * *
Something shocks you.
* * * LOW HITPOINT WARNING * * *
Casting: Magic Dart (safe; 1% risk of failure)
Confirm with . or Enter, or press ? or * to list all spells.
Aiming: Magic Dart (safe; 1% risk of failure)
Press: ? - help, Shift-Dir - straight line, f - you The magic dart hits something.
Something hits you.
* * * LOW HITPOINT WARNING * * *
Something shocks you.
* * * LOW HITPOINT WARNING * * *
Casting: Magic Dart (safe; 1% risk of failure)
Confirm with . or Enter, or press ? or * to list all spells.
You blink.
Something hits you.
* * * LOW HITPOINT WARNING * * *
Something shocks you.
You die...

###.#.#.# #...#####.#
#.# ........#
#.........# #.#
....#.### #.#.#######
#.# .......# #.#.....#
#.. #####..######
#.#.###.# ###
..........).# #.#..
####.#.###)########.####
...#.##...(...........
#####.##.....ยง{@...#
#.....########## #######


There were no monsters in sight!

Vanquished Creatures
  A hippogriff (D:5)
  An ice beast (D:5)
  2 phantoms (D:5)
  A centaur (D:5)
  An ogre (D:4)
  A scorpion (D:4)
  A centaur zombie (D:5)
  A bullfrog zombie (D:5)
  2 orc priests (D:3)
  A hound (D:4)
  A bullfrog skeleton (D:5)
  An iron imp (D:2)
  Jessica (D:3)
  3 iguanas
  2 worker ants
  A hound skeleton (D:5)
  5 gnolls
  9 adders
  2 oozes
  An adder skeleton (D:4)
  2 worms (D:2)
  4 dart slugs
  2 leopard geckos (D:3)
  19 orcs
  2 giant cockroaches
  6 goblins
  3 hobgoblins
  4 jackals
  3 quokkas
  6 bats
  8 frilled lizards
  6 kobolds
  9 rats
112 creatures vanquished.

Notes
Turn   | Place    | Note
-------+----------+-------------------------------------------
     0 | D:1      | anet the Gnoll Wizard began the quest for the Orb.
     0 | D:1      | Reached XP level 1. HP: 13/13 MP: 8/8
   175 | D:1      | Reached XP level 2. HP: 20/20 MP: 6/10
   179 | D:1      | Learned a level 2 spell: Blink
   182 | D:1      | Learned a level 2 spell: Slow
   321 | D:1      | Reached XP level 3. HP: 12/25 MP: 2/11
  1386 | D:2      | Reached skill level 1 in Invocations
  1611 | D:2      | Reached skill level 1 in Fighting
  1611 | D:2      | Reached skill level 1 in Short Blades
  1611 | D:2      | Reached skill level 1 in Long Blades
  1611 | D:2      | Reached skill level 1 in Axes
  1611 | D:2      | Reached skill level 1 in Maces & Flails
  1611 | D:2      | Reached skill level 1 in Polearms
  1611 | D:2      | Reached skill level 1 in Staves
  1611 | D:2      | Reached skill level 1 in Slings
  1611 | D:2      | Reached skill level 1 in Bows
  1611 | D:2      | Reached skill level 1 in Crossbows
  1611 | D:2      | Reached skill level 1 in Throwing
  1611 | D:2      | Reached skill level 1 in Armour
  1611 | D:2      | Reached skill level 1 in Shields
  1611 | D:2      | Reached skill level 1 in Unarmed Combat
  1611 | D:2      | Reached skill level 1 in Evocations
  1810 | D:2      | Reached XP level 4. HP: 32/32 MP: 4/13
  1815 | D:2      | Learned a level 3 spell: Conjure Flame
  1819 | D:2      | Learned a level 3 spell: Mephitic Cloud
  2115 | D:2      | Found a burning altar of Makhleb.
  2370 | D:2      | Reached skill level 1 in Hexes
  2370 | D:2      | Reached skill level 1 in Charms
  2370 | D:2      | Reached skill level 1 in Necromancy
  2370 | D:2      | Reached skill level 1 in Transmutations
  2370 | D:2      | Reached skill level 1 in Fire Magic
  2370 | D:2      | Reached skill level 1 in Ice Magic
  2370 | D:2      | Reached skill level 1 in Air Magic
  2370 | D:2      | Reached skill level 1 in Earth Magic
  2370 | D:2      | Reached skill level 1 in Poison Magic
  2754 | D:3      | Reached XP level 5. HP: 37/37 MP: 8/14
  3244 | D:3      | Noticed Jessica
  3247 | D:3      | Killed Jessica
  3683 | D:3      | Reached XP level 6. HP: 34/44 MP: 10/16
  4103 | D:4      | Reached skill level 5 in Dodging
  4639 | D:4      | Reached XP level 7. HP: 50/50 MP: 13/18
  5336 | D:4      | Found a basalt altar of Yredelemnul.
  5339 | D:4      | Found an ornate altar of the Wu Jian Council.
  5342 | D:4      | Found a sparkling altar of Nemelex Xobeh.
  5420 | D:5      | Entered Level 5 of the Dungeon
  5774 | D:5      | Reached skill level 5 in Stealth
  5930 | D:5      | Learned a level 1 spell: Confusing Touch
  6171 | D:5      | Reached XP level 8. HP: 57/57 MP: 9/19
  6446 | D:5      | Noticed a hippogriff
  6472 | D:5      | Killed a hippogriff
  6836 | D:5      | Slain by a sky beast

Vault maps used:
D:1:      minmay_arrival_shoal_huts, serial_co_window_serial,
          co_window_corner_a, co_window_paths_a, co_window_corner_a,
          co_window_paths_a, co_window_paths_b, co_window_paths_c,
          co_window_of_opportunity_b, co_window_unsneaky_path_c,
          co_window_corner_cb
D:2:      makhleb_grotto_becter
D:3:      uniq_jessica
D:4:      grunt_temple_overflow_diamond, first_ration
D:5:      serial_shops, kennysheep_mini_moat

Skill      XL: |  1  2  3  4  5  6  7  8 |
---------------+-------------------------+-----
Conjurations   | 2 3 |  3.5
Summonings     | 2 3 |  3.5
Translocations | 2 3 |  3.5
Invocations    | 1 2 3 |  3.6
Fighting       | 1 2 3 |  3.3
Short Blades   | 1 2 3 |  3.3
Long Blades    | 1 2 3 |  3.3
Axes           | 1 2 3 |  3.3
Maces & Flails | 1 2 3 |  3.3
Polearms       | 1 2 3 |  3.3
Staves         | 1 2 3 |  3.3
Slings         | 1 2 3 |  3.3
Bows           | 1 2 3 |  3.3
Crossbows      | 1 2 3 |  3.3
Throwing       | 1 2 3 |  3.3
Armour         | 1 2 3 |  3.3
Shields        | 1 2 3 |  3.3
Unarmed Combat | 1 2 3 |  3.3
Evocations     | 1 2 3 |  3.3
Hexes          | 1 2 |  2.6
Charms         | 1 2 |  2.6
Necromancy     | 1 2 |  2.6
Transmutations | 1 2 |  2.6
Fire Magic     | 1 2 |  2.6
Ice Magic      | 1 2 |  2.6
Air Magic      | 1 2 |  2.6
Earth Magic    | 1 2 |  2.6
Poison Magic   | 1 2 |  2.6
Dodging        | 5 |  5.7
Stealth        | 5 |  5.4
Spellcasting   | |  7.9

Action                   |  1- 3 |  4- 6 |  7- 9 || total
-------------------------+-------+-------+-------++-------
Melee: Unarmed           |     4 |     1 |       ||     5
       Trident           |       |       |    94 ||    94
       Bite              |       |       |     3 ||     3
 Fire: Shortbow          |       |       |    21 ||    21
Throw: Stone             |       |     4 |       ||     4
 Cast: Magic Dart        |    80 |   188 |    77 ||   345
       Conjure Flame     |       |     5 |    11 ||    16
       Blink             |       |     2 |     3 ||     5
       Mephitic Cloud    |       |     3 |       ||     3
 Stab: Sleeping          |       |       |     4 ||     4
  Eat: Chunk             |     3 |     8 |     7 ||    18
Armor: Robe              |     2 |     4 |     2 ||     8
Dodge: Dodged            |    16 |    38 |    24 ||    78

Table legend:
 A = Spawn XP
 B = Non-spawn XP
 C = Spawn XP percentage of total XP
 D = Spawn monster count
 E = Non-spawn monster count
 F = Spawn count percentage of total count
 G = Total turns spent on level
                    A         B        C        D         E        F      G
               +---------+---------+-------+---------+---------+-------+---------
         Total |       0 |    1813 |   0.0 |       0 |     112 |   0.0 |  6836
               +---------+---------+-------+---------+---------+-------+---------
           D:1 |       0 |      53 |   0.0 |       0 |      18 |   0.0 |  1542
           D:2 |       0 |     100 |   0.0 |       0 |      23 |   0.0 |  1602
           D:3 |       0 |     216 |   0.0 |       0 |      30 |   0.0 |   859
           D:4 |       0 |     397 |   0.0 |       0 |      19 |   0.0 |  1417
           D:5 |       0 |    1047 |   0.0 |       0 |      22 |   0.0 |  1416
               +---------+---------+-------+---------+---------+-------+---------
